 Dungeon Crawl Stone Soup version 0.29-a0-643-ga013cef (webtiles) character file.

Game seed: 12731877613075630459

834173 Dawnplanks the Axe Maniac (level 27, -16/409 HPs)
             Began as a Hill Orc Berserker on June 19, 2022.
             Was the Champion of the Shining One.
             Killed from afar by Uxem the pandemonium lord (20 damage)
             ... with an orb of electricity
             ... on level 19 of a ziggurat.
             The game lasted 04:40:31 (68383 turns).

Dawnplanks the Axe Maniac (Hill Orc Berserker)     Turns: 68383, Time: 04:40:31

Health: -16/409    AC: 52    Str: 47    XL:     27
Magic:  36/48      EV: 15    Int: 17    God:    the Shining One [******]
Gold:   8326       SH:  0    Dex: 18    Spells: 35/69 levels left

rFire   + + .      SeeInvis +   f - +9 executioner's axe "Dragon's Tongue" {spect, rN+ SInv}
rCold   + + +      Faith    .   (shield currently unavailable)
rNeg    + + +      Spirit   .   W - +12 gold dragon scales
rPois   +          Reflect  .   O - +5 helmet of the Hills {*Slow rC+++ Regen+ Int+4}
rElec   +          Harm     .   S - +4 cloak of the Constellations {rPois rF+ Str+2 Int-2}
rCorr   +          Rampage  .   c - +1 pair of gloves of Tortured Knowledge {rElec Str+2}
Will    ++...                   p - +2 pair of boots of Vampiric Thralls {+Blink Regen+ Str+4}
Stlth   ..........              Y - amulet "Nidgh" {rC+ Regen+ rCorr Dex+4}
HPRegen 3.18/turn               q - ring "Hoschitri" {Str+3 Int+6}
MPRegen 0.31/turn               g - ring "Reutt" {Contam Str+6 Dex+4}

@: brilliant, berserking, weakened, spiked, magic-sapped, corroded, hasted
(expiring), glowing, studying 2 skills, unable to read, very quick
A: iridescent scales 2, dopey 1, shaggy fur 1, electricity resistance, evolution
1, inability to read while threatened
}: 6/15 runes: decaying, serpentine, slimy, silver, bone, abyssal
a: Renounce Religion, Evoke Blink, Divine Shield, Cleansing Flame, Summon Divine
Warrior, Brand Weapon With Holy Wrath


You were on level 19 of a ziggurat.
You worshipped the Shining One.
The Shining One was exalted by your worship.
You visited 14 branches of the dungeon, and saw 64 of its levels.
You visited the Abyss 2 times.
You visited 2 bazaars.
You visited 1 ziggurat, and saw 19 of its levels.
You also visited: Bailey, Ice Cave and Volcano.

You collected 11697 gold pieces.
You spent 3371 gold pieces at shops.

Inventory:

Hand Weapons
 f - the +9 executioner's axe "Dragon's Tongue" (weapon) {spect, rN+ SInv}
   (You acquired it on level 2 of the Vaults)

   When its wielder attacks, the weapon's spirit leaps out and strikes again.
   The spirit shares a part of any damage it takes with its wielder.
   rN:        It protects you from negative energy.
   SInv:      It lets you see invisible.
 j - the +8 autumn katana {vorpal, manifold assault}
   (You found it on level 11 of a ziggurat)

   It sometimes launches melee attacks against multiple visible enemies.
 F - the +7 Singing Sword {vorpal, sonic wave}
   (You found it on level 10 of a ziggurat)

   It inflicts extra damage upon your enemies.
   It radiates damaging sonic waves as it strikes, especially in combat
   involving dangerous or numerous foes.
 V - the +8 storm bow {elec, penet}
   (You found it on level 3 of the Crypt)

   Any ammunition fired from it occasionally discharges a powerful burst of
   electricity upon striking a foe.
   Any ammunition fired by it passes through the targets it hits, potentially
   hitting all targets in its path until it reaches maximum range.
Missiles
 z - 3 throwing nets
 K - 16 atropa-tipped darts
 L - 15 curare-tipped darts (quivered)
 M - 9 datura-tipped darts
Armour
 c - the +1 pair of gloves of Tortured Knowledge (worn) {rElec Str+2}
   (You bought it in a shop on level 4 of the Vaults)

   Str:       It affects your strength (+2).
   rElec:     It insulates you from electricity.
 p - the +2 pair of boots of Vampiric Thralls (worn) {+Blink Regen+ Str+4}
   (You acquired it in a bazaar)

   Str:       It affects your strength (+4).
   +Blink:    It lets you blink.
   Regen:     It increases your rate of health regeneration.
 O - the +5 helmet of the Hills (worn) {*Slow rC+++ Regen+ Int+4}
   (You bought it in a shop in a bazaar)

   Int:       It affects your intelligence (+4).
   rC:        It renders you almost immune to cold.
   Regen:     It increases your rate of health regeneration.
   *Slow:     It may slow you when you take damage.
 S - the +4 cloak of the Constellations (worn) {rPois rF+ Str+2 Int-2}
   (You found it on level 2 of the Swamp)

   Str:       It affects your strength (+2).
   Int:       It affects your intelligence (-2).
   rF:        It protects you from fire.
   rPois:     It protects you from poison.
 T - the +15 Maxwell's patent armour {-Cast -Tele rElec Will+ rCorr}
   (You found it on level 16 of a ziggurat)

   rElec:     It insulates you from electricity.
   -Cast:     It prevents spellcasting.
   -Tele:     It prevents most forms of teleportation.
   rCorr:     It protects you from acid and corrosion.
   Will:      It increases your willpower.
 W - +12 gold dragon scales (worn)
Jewellery
 a - the ring "Asee" {Ice Int+3 SInv}
   (You found it on level 18 of a ziggurat)

   [ring of ice]

   It enhances your ice magic.
   Int:       It affects your intelligence (+3).
   rF:        It makes you vulnerable to fire.
   rC:        It protects you from cold.
   SInv:      It lets you see invisible.
 g - the ring "Reutt" (right hand) {Contam Str+6 Dex+4}
   (You found it on level 2 of the Lair of Beasts)

   [ring of strength]

   Str:       It affects your strength (+6).
   Dex:       It affects your dexterity (+4).
   Contam:    It causes magical contamination when unequipped.
 q - the ring "Hoschitri" (left hand) {Str+3 Int+6}
   (You took it off an ironbound convoker on level 4 of the Vaults)

   [ring of intelligence]

   Str:       It affects your strength (+3).
   Int:       It affects your intelligence (+6).
 r - the ring of Dawn {rF+ Str+6 Int+3 Dex-2}
   (You found it on level 13 of a ziggurat)

   [ring of protection from fire]

   Str:       It affects your strength (+6).
   Int:       It affects your intelligence (+3).
   Dex:       It affects your dexterity (-2).
   rF:        It protects you from fire.
 C - the ring of Coirr {rElec MP+9 EV+4 Dex-2}
   (You took it off an orc warrior in a bailey)

   [ring of evasion]

   EV:        It affects your evasion (+4).
   Dex:       It affects your dexterity (-2).
   rElec:     It insulates you from electricity.
   MP:        It affects your magic capacity (+9).
 I - the amulet of Joy {Rampage rPois Regen+ Dex+2}
   (You found it on level 15 of a ziggurat)

   [amulet of regeneration]

   Dex:       It affects your dexterity (+2).
   rPois:     It protects you from poison.
   Regen:     It increases your rate of health regeneration.
   Rampage:   It bestows one free step when moving towards enemies.
 J - the ring "Lenyll" {rN+ MP+9 EV+4 Int+2}
   (You found it on level 3 of the Crypt)

   [ring of evasion]

   EV:        It affects your evasion (+4).
   Int:       It affects your intelligence (+2).
   rN:        It protects you from negative energy.
   MP:        It affects your magic capacity (+9).
 U - the dreamshard necklace {*Dream Drain}
   (You found it on level 3 of a ziggurat)

   [amulet of nothing]

   It shatters if its wearer takes lethal or near-lethal damage, preventing the
   blow and releasing protective dreams that heal and fight for the wearer.
   Drain:     It drains your maximum health when unequipped.
 X - the ring "Gygapn" {Fly rCorr Int+2}
   (You found it on level 1 of the Depths)

   [ring of flight]

   Int:       It affects your intelligence (+2).
   Fly:       It grants you flight.
   rCorr:     It protects you from acid and corrosion.
 Y - the amulet "Nidgh" (around neck) {rC+ Regen+ rCorr Dex+4}
   (You found it on level 5 of the Lair of Beasts)

   [amulet of regeneration]

   Dex:       It affects your dexterity (+4).
   rC:        It protects you from cold.
   Regen:     It increases your rate of health regeneration.
   rCorr:     It protects you from acid and corrosion.
Scrolls
 b - 36 scrolls of teleportation
 d - a scroll of summoning
 i - 12 scrolls of magic mapping
 m - 7 scrolls of fog
 n - 15 scrolls of enchant armour
 s - 4 scrolls of poison
 u - 10 scrolls of blinking
 x - 23 scrolls of enchant weapon
 y - 10 scrolls of silence
 H - 13 scrolls of fear
Potions
 h - 12 potions of heal wounds
 k - 3 potions of haste
 l - 10 potions of mutation
 o - 11 potions of brilliance
 t - 5 potions of ambrosia
 v - 29 potions of curing
 w - 4 potions of cancellation
 A - 5 potions of magic
 B - 11 potions of might
 D - 13 potions of attraction
 E - 13 potions of flight
 G - 5 potions of resistance
 Z - 2 potions of berserk rage
Miscellaneous
 e - a lightning rod (4/4)
 N - a box of beasts
 P - a phantom mirror
 Q - a phial of floods
 R - a tin of tremorstones (2/2)


   Skills:
 O Level 27 Fighting
 O Level 27 Axes
 + Level 5.6 Throwing
 O Level 27 Armour
 + Level 11.2 Dodging
 + Level 21.7 Spellcasting
 + Level 21.8 Translocations
 * Level 8.8 Transmutations
 + Level 16.1 Invocations
 - Level 1.3 Evocations


You had 35 spell levels left.
You knew the following spells:

 Your Spells              Type           Power      Damage    Failure   Level
a - Wereblood             Tmut           64%        N/A       1%          2
b - Blink                 Tloc           100%       N/A       0%          2
c - Lesser Beckoning      Tloc           95%        N/A       0%          3
d - Teleport Other        Tloc           95%        N/A       0%          3
e - Portal Projectile     Hex/Tloc       100%       N/A       1%          3
f - Gell's Gravitas       Tloc           95%        N/A       0%          3
g - Apportation           Tloc           100%       N/A       0%          1
h - Manifold Assault      Tloc           95%        N/A       1%          5
i - Passage of Golubria   Tloc           95%        N/A       0%          4
j - Passwall              Tmut/Erth      41%        N/A       1%          2
k - Dispersal             Tloc           47%        N/A       1%          6

Your spell library contained the following spells:

 Spells                   Type           Power      Damage    Failure   Level
 Beastly Appendage        Tmut           100%       N/A       1%          1
 Sting                    Tmut/Pois      100%       1d8       1%          1
 Iskenderun's Mystic Bla  Conj/Tloc      70%        2d14      1%          4
 Summon Forest            Summ/Tloc      35%        N/A       2%          5
 Spider Form              Tmut/Pois      50%        N/A       3%          3
 Blade Hands              Tmut           32%        N/A       5%          5
 Ignite Poison            Fire/Tmut/Pois 42%        N/A       7%          3
 Disjunction              Tloc           47%        N/A       7%          8
 Freeze                   Ice            100%       1d11      8%          1
 Magic Dart               Conj           100%       1d8       8%          1
 Necrotize                Necr           100%       1d9       8%          1
 Sandblast                Erth           54%        2d13      8%          1
 Shock                    Conj/Air       100%       1d9       8%          1
 Summon Small Mammal      Summ           100%       N/A       8%          1
 Ensorcelled Hibernation  Hex/Ice        54%        N/A       12%         2
 Poisonous Vapours        Pois/Air       54%        N/A       12%         2
 Searing Ray              Conj           54%        2d6       12%         2
 Static Discharge         Conj/Air       27%        N/A       12%         2
 Sublimation of Blood     Necr           27%        N/A       12%         2
 Petrify                  Tmut/Erth      50%        N/A       12%         4
 Call Canine Familiar     Summ           27%        N/A       22%         3
 Confusing Touch          Hex            27%        N/A       22%         3
 Conjure Flame            Conj/Fire      27%        6-21      22%         3
 Dazzling Flash           Conj/Hex       54%        N/A       22%         3
 Frozen Ramparts          Ice            54%        1d7       22%         3
 Inner Flame              Hex/Fire       27%        N/A       22%         3
 Mephitic Cloud           Conj/Pois/Air  27%        N/A       22%         3
 Ozocubu's Armour         Ice            27%        N/A       22%         3
 Stone Arrow              Conj/Erth      54%        3d10      22%         3
 Summon Guardian Golem    Hex/Summ       27%        N/A       22%         3
 Swiftness                Air            27%        N/A       22%         3
 Tukima's Dance           Hex            27%        N/A       22%         3
 Alistair's Intoxication  Tmut/Pois      33%        N/A       34%         5
 Irradiate                Conj/Tmut      25%        3d21      34%         5
 Yara's Violent Unravell  Hex/Tmut       25%        3d11      34%         5
 Airstrike                Air            13%        N/A       58%         4
 Anguish                  Hex/Necr       13%        N/A       58%         4
 Animate Armour           Summ/Erth      54%        N/A       58%         4
 Animate Dead             Necr           27%        N/A       58%         4
 Cause Fear               Hex            13%        N/A       58%         4
 Corpse Rot               Necr/Pois/Air  27%        N/A       58%         4
 Dispel Undead            Necr           27%        3d13      58%         4
 Fulminant Prism          Conj/Hex       13%        3d9       58%         4
 Hailstorm                Conj/Ice       27%        3d7       58%         4
 Leda's Liquefaction      Hex/Erth       13%        N/A       58%         4
 Olgreb's Toxic Radiance  Pois           27%        N/A       58%         4
 Sticky Flame             Conj/Fire      27%        2d5       58%         4
 Summon Ice Beast         Ice/Summ       27%        N/A       58%         4
 Summon Lightning Spire   Summ/Air       27%        N/A       58%         4
 Malign Gateway           Summ/Tloc      35%        N/A       58%         7
 Dragon Form              Tmut           32%        N/A       86%         7
 Eringya's Noxious Bog    Tmut/Pois      25%        N/A       88%         6
 Statue Form              Tmut/Erth      33%        N/A       88%         6
 Agony                    Necr           27%        N/A       91%         5
 Borgnjor's Vile Clutch   Necr/Erth      13%        N/A       91%         5
 Fireball                 Conj/Fire      13%        3d7       91%         5
 Freezing Cloud           Conj/Ice/Air   13%        6-21      91%         5
 Iskenderun's Battlesphe  Conj           27%        2d8       91%         5
 Lee's Rapid Deconstruct  Erth           13%        3d10*     91%         5
 Lightning Bolt           Conj/Air       13%        1d27      91%         5
 Metabolic Englaciation   Hex/Ice        13%        N/A       91%         5
 Silence                  Hex/Air        13%        N/A       91%         5
 Summon Mana Viper        Hex/Summ       27%        N/A       91%         5
 Conjure Ball Lightning   Conj/Air       13%        3x3d6     100%        6
 Death Channel            Necr           13%        N/A       100%        6
 Iron Shot                Conj/Erth      13%        9d3       100%        6
 Simulacrum               Ice/Necr       13%        N/A       100%        6
 Starburst                Conj/Fire      13%        6d6       100%        6
 Summon Cactus Giant      Summ           13%        N/A       100%        6
 Enfeeble                 Hex            13%        N/A       100%        7
 Haunt                    Necr/Summ      13%        N/A       100%        7
 Monstrous Menagerie      Summ           13%        N/A       100%        7
 Orb of Destruction       Conj           13%        9d7       100%        7
 Ozocubu's Refrigeration  Ice            13%        4d7       100%        7
 Spellforged Servitor     Conj/Summ      13%        N/A       100%        7
 Storm Form               Tmut/Air       25%        N/A       100%        7
 Summon Hydra             Summ           13%        N/A       100%        7
 Discord                  Hex            13%        N/A       100%        8
 Ignition                 Fire           13%        3d6       100%        8
 Infestation              Necr           13%        N/A       100%        8
 Lehudib's Crystal Spear  Conj/Erth      13%        10d5      100%        8
 Maxwell's Capacitive Co  Air            13%        ∞         100%        8
 Summon Horrible Things   Summ           13%        N/A       100%        8
 Chain Lightning          Conj/Air       13%        3d18      100%        9
 Death's Door             Necr           13%        N/A       100%        9
 Dragon's Call            Summ           13%        N/A       100%        9
 Fire Storm               Conj/Fire      13%        8d4       100%        9
 Shatter                  Erth           13%        3d14*     100%        9


Dungeon Overview and Level Annotations

Branches:
Dungeon (15/15)            Temple (1/1) D:5            Lair (6/6) D:8
  Swamp (4/4) Lair:4        Snake (4/4) Lair:3        Slime (5/5) Lair:5
    Orc (2/2) D:12            Elf (3/3) Orc:2        Vaults (5/5) D:13
  Crypt (3/3) Vaults:2       Tomb (0/3) Crypt:3      Depths (4/4) D:15
   Hell (visited)             Dis (0/7) Hell            Geh (0/7) Hell
    Coc (0/7) Hell            Tar (7/7) Hell            Zot (5/5) Depths:4
 Bailey (visited)           IceCv (visited)         Volcano (visited)

Altars:
Ashenzari
Cheibriados
Dithmenos
Elyvilon
Fedhas
Gozag
Hepliaklqana
Kikubaaqudgha
Makhleb
Nemelex Xobeh
Okawaru
Qazlal
Ru
Sif Muna
Trog
Vehumet
Wu Jian
Xom
Yredelemnul
Zin
The Shining One
Beogh
Jiyva
Lugonu

Shops:
D:8 =   Orc:2 ([:(   Elf:2 ==*(?   Elf:3 (:   Vaults:1 (   Vaults:2 [
Vaults:4 [   Vaults:5 :

Portals:
Hell: Depths:1 Depths:2 Depths:3 Depths:4
Abyss: Elf:3 Lair:6 Depths:2 Depths:3
Pandemonium: Depths:1 Depths:2

Annotations:
Zig:19 exclusion: 3 oklob plants


Innate Abilities, Weirdness & Mutations

You are mostly covered in iridescent scales. (AC +4)
You are dopey. (Int -2)
You are covered in fur. (AC +1)
You are resistant to electric shocks. (rElec)
You have hidden genetic potential.
You sometimes lose the ability to read scrolls when taking damage.


Message History

Your angel hits the lorocyproca with a +2 whip of holy wrath.
The lorocyproca convulses!
The lorocyproca dies!
The Shining One accepts your kill.
The Shining One blesses your angel with healing.
Your Tzitzimitl engulfs Uxem.
Your Tzitzimitl drains Uxem's vigour!
Uxem seems to slow down.
Your Tzitzimitl bites Uxem!
Uxem hits you!!
* * * LOW HITPOINT WARNING * * *
The smoke demon hits your Tzitzimitl.
The smoke demon barely misses your Tzitzimitl.
The smoke demon completely misses your Tzitzimitl.
The Hell Sentinel misses your +9 executioner's axe "Dragon's Tongue" {spect, rN+ SInv}.
The Hell Sentinel hits your +9 executioner's axe "Dragon's Tongue" {spect, rN+ SInv}!
Your spectral weapon shares its damage with you!
* * * LOW HITPOINT WARNING * * *
You hit Uxem.
Uxem is almost dead.
You slash the Hell Sentinel!
You completely miss the demonspawn corrupter.
Your +9 executioner's axe "Dragon's Tongue" {spect, rN+ SInv} hits the Hell Sentinel.
Your +9 executioner's axe "Dragon's Tongue" {spect, rN+ SInv} hits the vault sentinel!
Your +9 executioner's axe "Dragon's Tongue" {spect, rN+ SInv} hits the green death!
The red devil hits you from afar with a +2 demon trident of electrocution!
The Shining One protects you from harm!
Barbed spikes become lodged in your body.
You closely miss Uxem.
Uxem is almost dead.
You hit the Hell Sentinel. You slash the demonspawn corrupter!
You kill the demonspawn corrupter!
The Shining One accepts your kill.
The ironbound convoker disappears in a puff of smoke!
The vault sentinel disappears in a puff of smoke!
Your +9 executioner's axe "Dragon's Tongue" {spect, rN+ SInv} hits the Hell Sentinel but does no damage.
Your +9 executioner's axe "Dragon's Tongue" {spect, rN+ SInv} hits the green death!!
The smoke demon hits your Tzitzimitl.
The smoke demon hits your Tzitzimitl but does no damage. x2
Uxem gestures at you.
The orb of electricity explodes!
The orb of electricity engulfs you!! You resist.
You die...

▓..§☼.........
▓▓...)).......
▓............
▓.§).........
▓...§........
▓§24.1.......
▓▓(24.2......
▓)1)43P....
▓▓@&1.....
▓▓.A.....
▓...... ▓.....
▓.... ▓▓.. ▓


You could see Uxem (fast, strong, agile, resistant, slow, ally target), a Hell
Sentinel (strong, weak-willed, ally target), an Ice Fiend (strong), a green
death (strong, distracted), 2 blizzard demons, a rust devil (resistant), a smoke
demon (fast, resistant, ally target), 2 red devils, a friendly Tzitzimitl
(summoned), a friendly angel (summoned, strong) and a friendly +9 executioner's
axe "Dragon's Tongue" {spect, rN+ SInv} (summoned).

Vanquished Creatures
  the Royal Jelly (Slime:5)
  Ereshkigal (Tar:7)
  8 dread liches
  10 ancient liches
  7 orbs of fire (Zot:5)
  Mennas (Depths:3)
  Mara (Vaults:5)
  3 pandemonium lords
  Boris (Vaults:4)
  2 Killer Klowns
  Vv (Crypt:3)
  Sojobo (Crypt:1)
  Parghit (Depths:3)
  2 caustic shrikes
  Saint Roka (Crypt:1)
  A curse toe (Zot:4)
  Margery (Vaults:5)
  5 golden dragons
  Geryon (Hell)
  the Enchantress (Depths:3)
  4 profane servitors
  19 bone dragons
  Jory (Crypt:2)
  12 doom hounds
  3 Brimstone Fiends (Zig:14)
  12 Tzitzimimeh
  5 electric golems
  Jorgrun (D:12)
  A shard shrike zombie (Crypt:3)
  4 searing wretches
  9 liches
  6 hellephants
  A shard shrike skeleton (Tar:7)
  2 deep elf blademasters
  12 tainted leviathans
  Asterion (Elf:1)
  20 Orb Guardians (Zot:5)
  A walking frostbound tome (Depths:3)
  16 tentacled monstrosities
  A walking divine tome (Depths:3)
  8 titans
  11 quicksilver dragons
  Murray (Hell)
  8 deep elf master archers
  14 acid blobs
  5 death cobs
  6 ancient champions
  4 sphinxes
  8 tentacled starspawn
  4 Executioners
  8 shadow dragons
  9 fire giants
  3 thorn hunters
  11 storm dragons
  2 fenstrider witches
  16 tengu reavers
  5 nagarajas
  9 azure jellies
  4 revenants
  6 demonspawn warmongers
  6 draconian monks
  2 daevas
  9 rockslimes
  The ghost of toto42 the Peltast, a journeyman MiFi of Okawaru (Snake:2)
  4 draconian knights
  8 deep elf sorcerers
  An orc warlord (Vaults:3)
  2 caustic shrike zombies (Tar:7)
  Aizul (Vaults:3)
  13 balrugs
  An iron dragon (Depths:3)
  A draconian scorcher (Zot:4)
  3 emperor scorpions
  A juggernaut zombie (Hell)
  5 frost giants
  A spectral juggernaut (Zig:5)
  9 ghost moths
  2 draconian stormcallers
  4 angels (Depths:2)
  2 shard shrike simulacra (Abyss:5)
  3 deep elf elementalists (Elf:3)
  2 demonspawn corrupters
  19 vault wardens
  5 cacodemons
  8 ghouls
  2 draconian annihilators
  19 ironbound preservers
  10 reapers
  9 war gargoyles
  2 juggernaut skeletons
  8 draconian shifters
  3 caustic shrike skeletons
  5 spriggan defenders (Depths:3)
  11 ironbound thunderhulks
  11 vampire knights
  45 stone giants
  4 quicksilver oozes
  30 very ugly things
  The ghost of saneFuiy the Brawler, a journeyman TrFi of Dithmenos (Orc:2)
  3 eleionomae
  3 lorocyprocas
  6 green draconians
  An ophan (Abyss:5)
  4 demonspawn blood saints
  A rockslime zombie (Crypt:2)
  18 putrid mouths
  7 deep elf annihilators (Elf:3)
  4 entropy weavers
  7 deep elf demonologists
  6 white draconians
  11 red draconians
  The ghost of lyrin the Cleaver, a journeyman GnBe of Trog (D:13)
  5 black draconians
  6 demonspawn black suns
  A spectral titan (Tar:2)
  14 yellow draconians
  3 bunyips
  25 dire elephants
  A spark wasp (Zig:8)
  10 purple draconians
  The ghost of Pupypeo the Arsonist, a journeyman DrFE of Vehumet (Lair:2)
  7 deep elf death magi
  3 green deaths
  22 eidola
  4 merfolk impalers (Zig:18)
  11 ettins
  A spectral quicksilver dragon (Tar:2)
  5 blizzard demons
  2 mummy priests
  5 merfolk javelineers
  3 crystal guardians
  The ghost of Seqynobekh the Impaler, a journeyman MfGl of Hepliaklqana (Lair:2)
  11 jiangshi
  A kraken zombie (Hell)
  3 spectral spriggans
  A spectral golden dragon (Zig:5)
  6 deep elf high priests
  7 fire dragons
  A spectral tengu (Tar:1)
  4 boulder beetles
  6 spriggan zombies
  A fenstrider witch zombie (Hell)
  5 rakshasas
  7 great orbs of eyes
  18 yaktaur captains
  27 hydras
  3 spectral iron giants
  12 ice dragons
  29 vault guards
  4 ghost crabs
  4 salamander tyrants
  5 peacekeepers
  5 hell beasts
  3 jorogumos (Zig:12)
  A jorogumo (shapeshifter) (Vaults:5)
  A spriggan air mage (Depths:3)
  4 spriggan skeletons
  A merfolk aquamancer (Zig:18)
  11 anacondas
  8 ironbound frosthearts
  An ogre mage (D:15)
  A radroach (Zig:12)
  2 catoblepae
  12 centaur warriors
  3 alligator snapping turtles
  8 naga warriors
  6 death knights
  A stoker (Zig:14)
  14 alligators
  12 two-headed ogres
  6 satyrs
  11 vampire magi
  7 deep troll shamans
  12 deep troll earth magi
  35 dancing weapons
  3 orc high priests
  8 death yaks
  7 spriggan berserkers
  11 hell hogs
  4 tengu warriors
  2 titan zombies
  13 thrashing horrors
  10 naga sharpshooters
  20 soul eaters
  6 hell knights
  9 iron trolls
  10 shock serpents
  2 crystal echidnas (Hell)
  9 wretched stars
  Urug (D:11)
  13 sun demons
  2 titan skeletons
  An iron troll (shapeshifter) (Zig:7)
  6 sixfirhies
  19 deep elf knights
  19 shadow wraiths
  5 salamander mystics
  3 bunyip zombies
  A pharaoh ant (Zig:12)
  5 spriggan druids
  A spectral hydra (Tar:3)
  A golden dragon zombie (Tar:7)
  11 goliath frogs
  13 skeletal warriors
  A sea snake (shapeshifter) (Lair:6)
  A storm dragon skeleton (Crypt:3)
  2 entropy weaver zombies
  3 spatial maelstroms
  An orb spider (shapeshifter) (Zig:7)
  53 deep trolls
  A swamp dragon (shapeshifter) (Zig:17)
  3 orb spiders
  5 orange crystal statues
  3 shadow demons
  5 sea snakes
  5 flayed ghosts
  11 swamp dragons
  49 starcursed masses
  3 naga ritualists
  4 glowing orange brains
  7 wizards
  26 necromancers
  A bunyip skeleton (Crypt:3)
  7 bog bodies
  13 harpies
  An anaconda skeleton (Crypt:1)
  5 lindwurms
  2 obsidian statues
  14 deep elf archers
  5 orc knights
  A harpy (shapeshifter) (Vaults:2)
  22 ironbound convokers
  31 deep elf pyromancers
  16 phantasmal warriors
  A mana viper (shapeshifter) (Zig:17)
  47 ugly things
  12 mana vipers
  6 orc sorcerers
  33 deep elf zephyrmancers
  4 fauns
  3 wolf spiders
  3 spectral ettins
  10 manticores
  6 will-o-the-wisps
  6 shining eyes
  2 tengu skeletons
  A glowing shapeshifter (Vaults:5)
  10 elephants
  74 slime creatures
  31 moths of wrath
  A cyclops (shapeshifter) (Zig:7)
  11 salamanders
  10 oklob plants
  27 cyclopes
  A fire giant skeleton (Depths:3)
  A spectral alligator snapping turtle (Tar:2)
  2 worldbinders
  A stone giant skeleton (Vaults:4)
  An alligator snapping turtle zombie (Crypt:3)
  An iron dragon skeleton (Crypt:3)
  16 naga magi
  5 water nymphs (Zig:18)
  5 molten gargoyles (Hell)
  13 vault sentinels
  3 ice statues
  3 centaur zombies
  2 dire elephant zombies
  3 apocalypse crabs
  19 smoke demons
  3 orange demons
  40 black mambas
  5 guardian serpents
  2 frost giant skeletons
  2 gargoyles (Zig:2)
  A torpor snail (shapeshifter) (Vaults:3)
  16 cane toads
  4 torpor snails
  An eye of devastation (Zig:13)
  2 merfolk sirens (Zig:18)
  A naga skeleton (Crypt:3)
  2 kobold demonologists (Crypt:2)
  45 yaktaurs
  A dire elephant skeleton (Crypt:3)
  A centaur skeleton (Hell)
  4 hellions
  2 rime drakes (Zig:4)
  An alligator snapping turtle skeleton (Crypt:3)
  9 efreet
  3 demonic crawlers
  Psyche (D:8)
  15 tormentors
  14 freezing wraiths
  An entropy weaver simulacrum (IceCv)
  9 ice devils
  15 komodo dragons
  A spectral naga (Tar:3)
  6 tengu conjurers
  2 silent spectres
  13 ancient zymes
  2 sea snake zombies (Hell)
  5 anaconda simulacra (IceCv)
  2 spectral harpies
  An elf skeleton (Vaults:4)
  A guardian mummy (Crypt:3)
  3 hydra zombies
  4 harpy skeletons
  A tarantella (Zig:12)
  A meliai (shapeshifter) (Elf:1)
  A golden dragon simulacrum (Zig:4)
  15 hellwings
  12 merfolk (Zig:18)
  2 harpy zombies (Crypt:3)
  15 polar bears
  10 tyrant leeches
  A bloated husk (Swamp:1)
  3 meliai (D:13)
  15 trolls
  17 hornets
  24 raiju
  4 wind drakes
  5 snapping turtles
  An alligator zombie (Hell)
  4 hydra skeletons
  An ettin zombie (Crypt:3)
  A shadow dragon simulacrum (Depths:2)
  3 dream sheep
  A tarantella (shapeshifter) (Lair:6)
  15 blink frogs
  2 fire giant simulacra
  3 flying skulls (Abyss:5)
  An elf zombie (Vaults:4)
  4 jumping spiders
  3 air elementals
  2 culicivoras
  2 dire elephant simulacra (IceCv)
  18 spriggans
  A shadow (D:11)
  19 water elementals
  15 wraiths
  6 wyverns
  43 yaks
  13 fire bats
  6 ynoxinuls
  A black mamba skeleton (Crypt:3)
  6 fire elementals
  9 golden eyes
  6 basilisks
  A golden eye (shapeshifter) (Elf:3)
  13 vampire mosquitoes
  3 hogs (Lair:4)
  3 redbacks
  A yaktaur simulacrum (Vaults:4)
  7 neqoxecs
  39 large abominations
  4 chaos spawn
  Menkaure (D:4)
  2 steam dragons
  3 wargs
  43 nagas
  5 spatial vortices (Abyss:3)
  3 harpy simulacra
  14 swamp worms
  11 water moccasins
  4 floating eyes
  8 hell hounds
  A glowing shapeshifter skeleton (Depths:2)
  36 orc warriors
  A sky beast (D:7)
  2 cane toad skeletons
  13 swamp drakes
  A floating eye zombie (Depths:3)
  2 ice beasts
  12 black bears
  13 ogres
  4 boggarts
  A golden eye zombie (Crypt:1)
  16 wolves
  4 centaurs
  2 manticore skeletons
  A tengu (shapeshifter) (Vaults:3)
  14 bullfrogs
  23 small abominations
  7 kobold brigands
  6 necrophages
  4 earth elementals
  A gnoll sergeant (D:10)
  A scorpion (D:4)
  A naga simulacrum (Abyss:5)
  A yaktaur skeleton (Crypt:2)
  A cane toad simulacrum (IceCv)
  7 wyvern skeletons
  8 wights
  A hornet simulacrum (D:15)
  7 killer bees
  An elephant simulacrum (IceCv)
  3 jellies
  3 electric eels
  6 howler monkeys
  10 lava snakes
  A quasit (Abyss:3)
  19 orc priests
  An iron imp (D:8)
  A bullfrog skeleton (Crypt:1)
  5 iguanas
  28 orc wizards
  A polar bear simulacrum (IceCv)
  6 hell rats (Hell)
  A spriggan simulacrum (IceCv)
  5 lightning spires
  A hound skeleton (Crypt:2)
  2 mummies (Crypt:3)
  8 adders
  10 gnolls
  2 white imps (IceCv)
  3 ufetubi
  A worm (D:2)
  4 dart slugs
  62 orcs
  A bat skeleton (Crypt:1)
  10 endoplasms
  3 giant cockroaches
  10 hobgoblins
  4 jackals (D:1)
  4 quokkas
  2 ball pythons
  5 bats
  A dart slug zombie (Crypt:1)
  A frilled lizard skeleton (Crypt:1)
  6 goblins
  A goblin skeleton (Crypt:2)
  16 kobolds
  6 rats
  A spectral kobold (D:3)
  2 ball lightnings (Zig:1)
  9 briar patches (Swamp:3)
  A bush (Abyss:2)
  2 fire vortices (D:8)
  3 starspawn tentacles (Abyss:5)
  3 tentacles (Hell)
3191 creatures vanquished.

Vanquished Creatures (collateral kills)
  A Killer Klown (Zot:5)
  A hellephant (Zig:10)
  A searing wretch (Zig:14)
  5 Orb Guardians (Zot:5)
  A quicksilver dragon (Zot:5)
  A Hell Sentinel (Zig:19)
  An acid blob (Slime:5)
  A demonspawn warmonger (Zig:19)
  2 azure jellies
  A rockslime (Slime:5)
  An orc warlord (Orc:2)
  A curse skull (Zig:11)
  A ghost moth (Zig:12)
  A draconian shifter (Zot:5)
  A balrug (Zig:14)
  A demonspawn blood saint (Zig:19)
  2 stone giants (Zig:15)
  2 quicksilver oozes (Slime:5)
  A lorocyproca (Zig:19)
  2 merfolk javelineers (Zig:15)
  The ghost of Jeiliat the Fighter, a journeyman DsCA of Ignis (Lair:2)
  2 vault guards (Vaults:5)
  2 hydras
  A two-headed ogre (Orc:1)
  2 centaur warriors (Zig:15)
  A hell hog (Zig:14)
  3 death yaks
  An orc high priest (Orc:2)
  A naga sharpshooter (Zig:15)
  A sun demon (Zig:19)
  A sixfirhy (Zig:19)
  A goliath frog (Swamp:3)
  A steelbarb worm (Zig:12)
  A lindwurm (Zig:13)
  2 orc knights (Orc:2)
  An oklob plant (Zig:19)
  An orc sorcerer (Orc:2)
  A smoke demon (Zig:10)
  A torpor snail (Lair:3)
  A hellion (Zig:19)
  An efreet (Volcano)
  A tormentor (Zig:10)
  A troll (Orc:1)
  2 ancient zymes
  4 slime creatures (Slime:5)
  A yak (Zig:13)
  2 wargs (Orc:2)
  A water moccasin (Lair:6)
  8 orc warriors (Orc:2)
  An ogre (Orc:2)
  2 starcursed masses (Zig:10)
  3 orc priests (Orc:2)
  4 orc wizards (Orc:2)
  2 lightning spires (Zot:1)
  6 orcs
93 creatures vanquished.

Vanquished Creatures (others)
  A golden dragon (Zot:1)
  A Brimstone Fiend (Zig:16)
  An Ice Fiend (Zig:16)
  A deep elf blademaster (Elf:3)
  Kirke (Lair:4)
  A demonspawn corrupter (Zig:16)
  A bunyip (Swamp:3)
  A blizzard demon (Zig:16)
  A green death (Zig:9)
  A hell hog (Hell)
  A deep elf knight (Elf:3)
  A deep elf zephyrmancer (Elf:1)
  A smoke demon (Zig:19)
  An orange demon (Zig:19)
  A hellwing (Zig:19)
  A tormentor (Zig:16)
  2 bloated husks
  A hornet (Zig:9)
  A blink frog (Zig:13)
  A vampire mosquito (Swamp:1)
  A boggart (Vaults:2)
  A kobold (D:10)
  5 ball lightnings
  3 briar patches (Swamp:1)
  A bush (Lair:3)
  2 demonic plants (Abyss:2)
  22 foxfires
  15 fungi
  A lurking horror (Elf:3)
  27 plants
  4 starspawn tentacles (Abyss:5)
  2 tentacles (Hell)
  7 toadstools (Swamp:1)
  7 withered plants (Crypt:3)
119 creatures vanquished.

Grand Total: 3403 creatures vanquished

Notes
Turn   | Place    | Note
-------+----------+-------------------------------------------
     0 | D:1      | Dawnplanks the Hill Orc Berserker began the quest for the
                  | Orb.
     0 | D:1      | Reached XP level 1. HP: 19/19 MP: 1/1
    94 | D:1      | Reached XP level 2. HP: 14/27 MP: 2/2
   583 | D:1      | Reached ** piety under Trog
   584 | D:1      | Reached XP level 3. HP: 33/33 MP: 3/3
   946 | D:2      | Reached skill level 5 in Axes
  1415 | D:2      | Reached XP level 4. HP: 34/40 MP: 4/4
  2244 | D:3      | Found a faded altar of an unknown god.
  2278 | D:3      | Found a shimmering altar of Xom.
  2650 | D:4      | Noticed Menkaure
  2661 | D:4      | Killed Menkaure
  2662 | D:4      | Reached XP level 5. HP: 47/47 MP: 5/5
  2662 | D:4      | Reached XP level 6. HP: 53/53 MP: 6/6
  2982 | D:4      | HP: 3/79 [ogre/+0 giant club (18)]
  3191 | D:5      | Entered Level 5 of the Dungeon
  3301 | D:5      | Reached XP level 7. HP: 60/60 MP: 7/7
  3501 | D:5      | Found a staircase to the Ecumenical Temple.
  3521 | D:5      | Reached skill level 10 in Axes
  3526 | Temple   | Entered the Ecumenical Temple
  3742 | D:5      | HP: 2/90 [iguana (12)]
  3745 | D:5      | Reached skill level 5 in Fighting
  3745 | D:5      | Reached XP level 8. HP: 3/68 MP: 8/8
  4690 | D:7      | Reached *** piety under Trog
  4691 | D:7      | Reached skill level 5 in Armour
  4890 | D:7      | Reached XP level 9. HP: 71/71 MP: 9/9
  4947 | D:7      | You fall into a shaft and drop 3 floors!
  4947 | D:10     | Entered Level 10 of the Dungeon
  5051 | D:9      | Noticed a +0 short sword
  5052 | D:9      | Noticed a +0 dagger
  5061 | D:9      | Noticed a +0 spear
  5061 | D:9      | Noticed a +0 falchion
  5061 | D:9      | Noticed a +0 dagger
  5130 | D:8      | Found Lyuserudgh's Jewellery Shoppe.
  5138 | D:8      | Noticed Psyche
  5159 | D:8      | Found a flagged portal.
  5168 | Bailey   | Entered a bailey
  5329 | Bailey   | Identified the ring of Coirr {rElec MP+9 EV+4 Dex-2}
  5347 | Bailey   | Reached skill level 1 in Throwing
  5418 | Bailey   | Found a burning altar of Makhleb.
  5477 | D:8      | Killed Psyche
  5478 | D:8      | Reached XP level 10. HP: 84/84 MP: 7/10
  5481 | D:8      | Reached skill level 15 in Axes
  5580 | D:8      | Found a snail-covered altar of Cheibriados.
  5611 | D:8      | Found a staircase to the Lair.
  5871 | D:8      | Reached **** piety under Trog
  6225 | D:8      | Identified the +3 great sword "Lomoax" {flame, rCorr MP+9
                  | Dex-3 SInv}
  6700 | D:9      | Noticed a +0 spear
  6700 | D:9      | Noticed a +0 short sword
  6701 | D:9      | Noticed a +0 falchion
  6802 | D:9      | Found a white marble altar of Elyvilon.
  6806 | D:9      | Found a bloodstained altar of Trog.
  6806 | D:9      | Found a burning altar of Makhleb.
  6807 | D:9      | Found a glowing silver altar of Zin.
  6810 | D:9      | Found a basalt altar of Yredelemnul.
  7344 | D:10     | Reached XP level 11. HP: 82/94 MP: 11/11
  7356 | D:10     | Found a blossoming altar of Fedhas.
  7605 | D:10     | Found a transporter.
  7882 | D:10     | Found a corrupted altar of Lugonu.
  7882 | D:10     | Found a transporter.
  7883 | D:10     | Noticed a large abomination
  8674 | D:11     | Noticed Urug
  8691 | D:11     | Killed Urug
  8982 | Lair:1   | Entered Level 1 of the Lair of Beasts
  8982 | Lair:1   | Noticed a four-headed hydra
  8994 | Lair:1   | Killed a four-headed hydra
  9135 | Lair:1   | Found a frozen archway.
  9144 | Lair:1   | Reached skill level 10 in Fighting
  9185 | IceCv    | Entered an ice cave
  9228 | IceCv    | Reached ***** piety under Trog
  9262 | IceCv    | Reached XP level 12. HP: 63/107 MP: 12/12
 10526 | Lair:1   | Reached skill level 10 in Armour
 10807 | Lair:2   | Noticed a five-headed hydra
 10814 | Lair:2   | Killed a five-headed hydra
 11050 | Lair:2   | Reached XP level 13. HP: 109/119 MP: 13/13
 11518 | Lair:2   | Found a burning altar of Makhleb.
 11798 | Lair:2   | Found a runed translucent gate.
 11798 | Lair:2   | Found a runed translucent gate.
 11798 | Lair:2   | Found a runed translucent gate.
 11798 | Lair:2   | Noticed Pupypeo's ghost (journeyman DrFE)
 11798 | Lair:2   | Noticed Seqynobekh's ghost (journeyman MfGl)
 11799 | Lair:2   | Noticed Jeiliat's ghost (journeyman DsCA)
 11820 | Lair:2   | Killed Seqynobekh's ghost
 11822 | Lair:2   | Killed Jeiliat's ghost
 11823 | Lair:2   | Killed Pupypeo's ghost
 11857 | Lair:2   | Identified the ring "Reutt" {Contam Str+6 Dex+4}
 11862 | Lair:2   | Identified the +3 leather armour of Morality {Str+2 Dex+2}
 12333 | Lair:3   | Found a staircase to the Snake Pit.
 13424 | Lair:4   | Found a staircase to the Swamp.
 13465 | Lair:4   | Noticed Kirke
 13467 | Lair:4   | Noticed a sphinx
 13480 | Lair:4   | Killed Kirke
 13481 | Lair:4   | Reached XP level 14. HP: 133/133 MP: 14/14
 14027 | Lair:5   | Identified the amulet "Nidgh" {rC+ Regen+ rCorr Dex+4}
 14054 | Lair:5   | Found a viscous altar of Jiyva.
 14055 | Lair:5   | Found a staircase to the Slime Pits.
 14483 | Lair:6   | Entered Level 6 of the Lair of Beasts
 14569 | Lair:6   | Reached skill level 15 in Fighting
 15494 | Lair:6   | Identified the +10 plate armour "Arhute" {*Corrode Will+
                  | Dex+3}
 15930 | Lair:6   | Found a corrupted altar of Lugonu.
 15930 | Lair:6   | Found a one-way gate to the infinite horrors of the Abyss.
 16898 | D:12     | Found a staircase to the Orcish Mines.
 17089 | D:12     | Noticed Jorgrun
 17099 | D:12     | Killed Jorgrun
 17635 | Orc:1    | Entered Level 1 of the Orcish Mines
 17724 | D:13     | Reached XP level 15. HP: 133/145 MP: 15/15
 17808 | Orc:2    | Entered Level 2 of the Orcish Mines
 17808 | Orc:2    | Found Locla's Antique Weapon Emporium.
 17852 | Orc:1    | Found a dark tunnel.
 17855 | Volcano  | Entered a volcano
 18068 | Volcano  | Found a radiant altar of Vehumet.
 18393 | Orc:2    | Found a flickering gateway to a bazaar.
 18396 | Orc:2    | Found a staircase to the Elven Halls.
 18402 | Bazaar   | Entered a bazaar
 18402 | Bazaar   | Found Yryny Zax's Weapon Shoppe.
 18409 | Bazaar   | Found Fethuoq's Antique Armour Boutique.
 18433 | Bazaar   | Found Xuorem's Magic Scroll Shoppe.
 18444 | Bazaar   | Found Lenin's Weapon Shop.
 18486 | Bazaar   | Bought a bloodstained plate armour for 980 gold pieces
 18486 | Bazaar   | Identified the +2 plate armour of Kleptomania {rC+ Will+++
                  | Str-5 Slay-6} (You bought it in a shop in a bazaar)
 18486 | Bazaar   | Bought a pair of embroidered boots for 262 gold pieces
 18524 | Bazaar   | Bought a scroll of identify for 18 gold pieces
 18524 | Bazaar   | Bought a scroll of blinking for 67 gold pieces
 18524 | Bazaar   | Bought a scroll of identify for 18 gold pieces
 18524 | Bazaar   | Bought a scroll of enchant armour for 67 gold pieces
 18524 | Bazaar   | Bought a scroll of blinking for 67 gold pieces
 18524 | Bazaar   | Bought a scroll of identify for 18 gold pieces
 18526 | Bazaar   | Identified a scroll of acquirement
 18531 | Bazaar   | Acquired the +2 pair of boots of Vampiric Thralls {+Blink
                  | Regen+ Str+4}
 18725 | Orc:2    | Noticed an orc warlord
 18732 | Orc:2    | Killed an orc warlord
 18829 | Orc:2    | Found a roughly hewn altar of Beogh.
 18862 | Orc:2    | Found Baomiumn's Antique Weapon Shop.
 18881 | Orc:2    | Found Tawkyps's Book Shop.
 19066 | Orc:2    | Found Xopufat's General Store.
 19100 | Orc:2    | Found a runed translucent door.
 19101 | Orc:2    | Noticed saneFuiy's ghost (journeyman TrFi)
 19117 | Orc:2    | Killed saneFuiy's ghost
 19127 | Orc:2    | Received a gift from Trog
 19367 | Orc:2    | Found Irai's Antique Armour Shop.
 20465 | D:13     | Found a gate to the Vaults.
 20564 | D:13     | Found a large runed translucent door.
 20565 | D:13     | Found a large runed translucent door.
 20567 | D:13     | Noticed lyrin's ghost (journeyman GnBe)
 20601 | D:13     | Killed lyrin's ghost
 21451 | D:14     | Found a sparkling altar of Nemelex Xobeh.
 21996 | D:15     | Entered Level 15 of the Dungeon
 22121 | D:15     | Found a staircase to the Depths.
 22349 | D:15     | Reached XP level 16. HP: 131/159 MP: 16/16
 22403 | D:15     | Reached skill level 15 in Armour
 22403 | D:15     | Reached skill level 5 in Dodging
 22403 | D:15     | Reached XP level 17. HP: 166/166 MP: 17/17
 22719 | D:15     | Found an iron altar of Okawaru.
 23181 | Swamp:1  | Entered Level 1 of the Swamp
 23223 | Swamp:1  | Received a gift from Trog
 23617 | Swamp:1  | Identified the +8 mace "Gejuobul" {vorpal, Fragile rElec
                  | rPois rC+}
 24137 | Swamp:2  | Identified the +4 cloak of the Constellations {rPois rF+
                  | Str+2 Int-2}
 25328 | Swamp:3  | Noticed a tentacled monstrosity
 25341 | Swamp:3  | Killed a tentacled monstrosity
 25953 | Swamp:4  | Entered Level 4 of the Swamp
 26077 | Swamp:4  | Reached XP level 18. HP: 151/180 MP: 18/18
 26258 | Swamp:4  | Got a decaying rune of Zot
 26373 | Swamp:4  | Reached skill level 1 in Evocations
 27057 | Elf:1    | Entered Level 1 of the Elven Halls
 27227 | Vaults:1 | Entered Level 1 of the Vaults
 27323 | Vaults:1 | Received a gift from Trog
 27824 | Vaults:1 | Noticed a titan
 27834 | Vaults:1 | Killed a titan
 27876 | Vaults:1 | Got the Papyrus of Ice
 28406 | Vaults:1 | Found Donum's Weapon Shop.
 28655 | Vaults:2 | Received a gift from Trog
 28826 | Vaults:2 | Found Aggaev's Armour Boutique.
 28973 | Vaults:2 | Reached XP level 19. HP: 183/184 MP: 19/19
 29123 | Vaults:2 | Paralysed by a great orb of eyes for 2 turns
 29185 | Vaults:2 | Cast into level 2 of the Abyss (a wizard)
 29185 | Abyss:2  | Found a corrupted altar of Lugonu.
 29214 | Abyss:2  | Noticed an ancient lich
 29275 | Abyss:2  | Found a corrupted altar of Lugonu.
 29442 | Vaults:2 | Escaped the Abyss
 29558 | Vaults:2 | Acquired the +9 executioner's axe "Dragon's Tongue" {spect,
                  | rN+ SInv}
 29987 | Vaults:2 | Found a staircase to the Crypt.
 30042 | Vaults:2 | Found a transporter.
 30053 | Vaults:2 | Found a transporter.
 30236 | Vaults:2 | Identified the ring "Tyle Hever" {*Slow EV+4 Str+6 Dex+7}
 30244 | Vaults:2 | Got the Catalogue of Twisted Clay
 30556 | Vaults:3 | Noticed a tentacled monstrosity
 30564 | Vaults:3 | Killed a tentacled monstrosity
 30694 | Vaults:3 | Reached ****** piety under Trog
 30825 | Vaults:3 | Received a gift from Trog
 30826 | Vaults:3 | Reached skill level 27 in Axes
 30830 | Vaults:3 | Identified the +1 robe "Yfaohob" {Str+3}
 30842 | Vaults:3 | Reached XP level 20. HP: 98/206 MP: 20/20
 31268 | Vaults:3 | Noticed Aizul
 31277 | Vaults:3 | Killed Aizul
 31678 | Vaults:4 | Received a gift from Trog
 31698 | Vaults:4 | Identified the ring "Hoschitri" {Str+3 Int+6}
 31704 | Vaults:4 | Noticed Boris
 31710 | Vaults:4 | Killed Boris
 32103 | Vaults:4 | Identified the ring of Nulepaps {rC+ Str+6}
 32335 | Vaults:4 | Found Coal's Armour Shop.
 32340 | Vaults:4 | Bought the +1 pair of gloves of Tortured Knowledge {rElec
                  | Str+2} for 443 gold pieces
 33108 | Snake:1  | Entered Level 1 of the Snake Pit
 33323 | Snake:1  | Received a gift from Trog
 34355 | Snake:2  | Found a runed translucent door.
 34397 | Snake:2  | Reached XP level 21. HP: 221/221 MP: 21/21
 34412 | Snake:2  | Noticed toto42's ghost (journeyman MiFi)
 34434 | Snake:2  | Killed toto42's ghost
 34792 | Snake:2  | Received a gift from Trog
 36062 | Snake:4  | Entered Level 4 of the Snake Pit
 36247 | Snake:4  | Identified the +7 hunting sling of Luedgh {flame, rElec}
 36523 | Snake:4  | Received a gift from Trog
 36624 | Snake:4  | Reached skill level 27 in Fighting
 36810 | Snake:4  | Got a serpentine rune of Zot
 37578 | Elf:1    | Noticed Asterion
 37587 | Elf:1    | Killed Asterion
 37756 | Elf:1    | Received a gift from Trog
 37929 | Elf:1    | Paralysed by an air elemental for 1 turns
 38243 | Elf:1    | Got the Grimoire of Confrontation and the Escort
 38334 | Elf:1    | Found an ancient bone altar of Kikubaaqudgha.
 38616 | Elf:2    | Found Eliazu's Jewellery Boutique.
 38623 | Elf:2    | Reached XP level 22. HP: 233/233 MP: 22/22
 38659 | Elf:2    | Received a gift from Trog
 38660 | Elf:2    | Found Cuuluith's Assorted Antiques.
 38788 | Elf:2    | Found an ancient bone altar of Kikubaaqudgha.
 38802 | Elf:2    | Found Ifolibro's Jewellery Emporium.
 38915 | Elf:2    | Found a huge runed translucent gate.
 38915 | Elf:2    | Found a huge runed translucent gate.
 38915 | Elf:2    | Found a huge runed translucent gate.
 38915 | Elf:2    | Found a huge runed translucent gate.
 38915 | Elf:2    | Found a huge runed translucent gate.
 38952 | Elf:2    | Found Haherar's Weapon Boutique.
 39167 | Elf:2    | Identified the +9 battleaxe of Untruth {flame, Fragile
                  | rElec rPois Will++} (Trog gifted it to you on level 2 of
                  | the Elven Halls)
 39167 | Elf:2    | Received a gift from Trog
 39371 | Elf:2    | Found Hoocs's Magic Scroll Boutique.
 39484 | Elf:2    | Got the Almanac of Feathers
 39586 | Elf:3    | Entered Level 3 of the Elven Halls
 39621 | Elf:3    | Identified the +4 dagger "Xorphoza" {vorpal, Fly}
 39641 | Elf:3    | Found a radiant altar of Vehumet.
 39661 | Elf:3    | Found a corrupted altar of Lugonu.
 39668 | Elf:3    | Found a flickering gateway to a bazaar.
 39679 | Bazaar   | Entered a bazaar
 39730 | Bazaar   | Found Sehitoank's Antique Weapon Emporium.
 39746 | Bazaar   | Found Xifid's Antique Weapon Emporium.
 39746 | Bazaar   | Found Neath's Armour Shoppe.
 39768 | Bazaar   | Found Pevih's Armour Emporium.
 39768 | Bazaar   | Found Seal's General Store.
 39790 | Bazaar   | Found Ulimocya's Armour Emporium.
 39790 | Bazaar   | Found Sats's Magic Scroll Shoppe.
 39864 | Bazaar   | Bought the +5 helmet of the Hills {*Slow rC+++ Regen+
                  | Int+4} for 743 gold pieces
 39936 | Bazaar   | Bought a scroll of summoning for 142 gold pieces
 39936 | Bazaar   | Bought a scroll of summoning for 142 gold pieces
 39936 | Bazaar   | Bought a scroll of magic mapping for 52 gold pieces
 40020 | Elf:3    | Received a gift from Trog
 40159 | Elf:3    | Identified the +12 great sword "Transmigrator" {flame,
                  | Will+ Str+3}
 40275 | Elf:3    | Got the Incunabulum of Doomed Ignition
 40279 | Elf:3    | Identified the +9 dire flail of the Kissing Visionary
                  | {vorpal, rF++ rC- Str+3}
 40304 | Elf:3    | Got the Reference Book on Ashen Lightness
 40321 | Elf:3    | Got Xoan's Almanac of Beguiling and Transformation
 40322 | Elf:3    | Was placed under penance by Trog
 40325 | Elf:3    | Learned a level 2 spell: Wereblood
 40374 | Elf:3    | Identified the +8 falchion "Niokyex" {protect, Fragile
                  | Will++}
 40379 | Elf:3    | Got the Collected Works on Heat and Snow
 40516 | Elf:3    | Found Hurink's Book Boutique.
 40518 | Elf:3    | Found Dueluicuso's Weapon Shoppe.
 40527 | Elf:3    | Bought 2 datura-tipped darts for 12 gold pieces
 41399 | Temple   | Fell from the grace of Trog
 41399 | Temple   | Became a worshipper of the Shining One
 41698 | Crypt:1  | Entered Level 1 of the Crypt
 41715 | Crypt:1  | Reached * piety under the Shining One
 41720 | Crypt:1  | Noticed Sojobo
 41724 | Crypt:1  | Paralysed by an air elemental for 1 turns
 41730 | Crypt:1  | Paralysed by an air elemental for 1 turns
 41735 | Crypt:1  | Killed Sojobo
 41752 | Crypt:1  | Noticed Saint Roka
 41764 | Crypt:1  | Reached ** piety under the Shining One
 41773 | Crypt:1  | Killed Saint Roka
 42005 | Crypt:1  | Reached XP level 23. HP: 240/240 MP: 23/23
 42051 | Crypt:1  | Reached *** piety under the Shining One
 42055 | Crypt:1  | Found a runed translucent door.
 42056 | Crypt:1  | Noticed an ancient lich
 42067 | Crypt:1  | Killed an ancient lich
 42068 | Crypt:1  | Reached skill level 1 in Transmutations
 42177 | Crypt:1  | Reached skill level 1 in Spellcasting
 42214 | Crypt:1  | Reached **** piety under the Shining One
 42271 | Crypt:1  | Found an ancient bone altar of Kikubaaqudgha.
 42438 | Crypt:2  | Reached ***** piety under the Shining One
 42771 | Crypt:2  | Reached skill level 1 in Invocations
 42802 | Crypt:2  | Paralysed by a vampire knight for 2 turns
 42905 | Crypt:2  | Noticed Jory
 42913 | Crypt:2  | Killed Jory
 43022 | Crypt:2  | Found a shimmering blue altar of Sif Muna.
 43028 | Crypt:2  | Reached ****** piety under the Shining One
 43100 | Crypt:2  | Identified the amulet of Faugotea {RegenMP +Inv rC+++ Int-5
                  | Dex-3}
 43374 | Crypt:3  | Entered Level 3 of the Crypt
 43521 | Crypt:3  | Identified the ring "Lenyll" {rN+ MP+9 EV+4 Int+2}
 43661 | Crypt:3  | Found a staircase to the Tomb.
 43824 | Crypt:3  | Noticed Vv
 43842 | Crypt:3  | Killed Vv
 43887 | Crypt:3  | Found an ancient bone altar of Kikubaaqudgha.
 44032 | Crypt:3  | Found the +8 storm bow {elec, penet}
 44036 | Crypt:3  | Noticed a dread lich
 44045 | Crypt:3  | Killed a dread lich
 44054 | Crypt:3  | Identified the +1 leather armour of the Sparrow {Int+9
                  | Dex-4}
 44117 | Crypt:3  | Reached XP level 24. HP: 249/249 MP: 28/28
 45469 | Depths:1 | Entered Level 1 of the Depths
 45595 | Depths:1 | Found a runed translucent door.
 45708 | Depths:1 | Identified the ring "Gygapn" {Fly rCorr Int+2}
 45710 | Depths:1 | Identified the +0 chain mail of Fedhas's Hope {Rampage
                  | rPois Dex+4}
 45829 | Depths:1 | Found a one-way gate leading to the halls of Pandemonium.
 45959 | Depths:1 | Found a gateway to Hell.
 46348 | Depths:2 | Reached skill level 5 in Invocations
 46367 | Depths:2 | Reached skill level 5 in Transmutations
 46368 | Depths:2 | Paralysed by a floating eye for 2 turns
 46479 | Depths:2 | Found a one-way gateway to a ziggurat.
 46505 | Depths:2 | Reached skill level 5 in Spellcasting
 46640 | Depths:2 | Reached skill level 27 in Armour
 46778 | Depths:2 | Reached skill level 1 in Translocations
 47184 | Depths:3 | Found a corrupted altar of Lugonu.
 47211 | Depths:3 | Reached XP level 25. HP: 257/257 MP: 31/31
 47212 | Depths:3 | Noticed Mennas
 47233 | Depths:3 | Killed Mennas
 47310 | Depths:3 | Noticed the Enchantress
 47323 | Depths:3 | Killed the Enchantress
 47673 | Depths:3 | Noticed Parghit
 47679 | Depths:3 | Killed Parghit
 48407 | Depths:4 | Entered Level 4 of the Depths
 48542 | Depths:4 | Reached skill level 10 in Invocations
 48598 | Depths:4 | Reached skill level 5 in Translocations
 48806 | Depths:4 | Found a gate to the Realm of Zot.
 49152 | Depths:4 | Identified the +0 hat of Heihujic {Rampage *Slow rC+
                  | Stlth+}
 49159 | Depths:4 | Found a radiant altar of Vehumet.
 49275 | Depths:3 | Paralysed by Trog for 2 turns
 49589 | Vaults:4 | Learned a level 2 spell: Blink
 49593 | Vaults:4 | Learned a level 3 spell: Lesser Beckoning
 49597 | Vaults:4 | Learned a level 3 spell: Teleport Other
 49601 | Vaults:4 | Learned a level 3 spell: Portal Projectile
 49605 | Vaults:4 | Learned a level 3 spell: Gell's Gravitas
 49607 | Vaults:4 | Learned a level 1 spell: Apportation
 49612 | Vaults:5 | Entered Level 5 of the Vaults
 49614 | Vaults:5 | Noticed Mara
 49625 | Vaults:5 | Killed Mara
 49635 | Vaults:5 | Reached skill level 10 in Dodging
 49641 | Vaults:5 | Reached XP level 26. HP: 264/266 MP: 33/35
 49674 | Vaults:5 | Noticed a dread lich
 49688 | Vaults:5 | Paralysed by a dread lich for 3 turns
 49693 | Vaults:5 | Killed a dread lich
 49943 | Vaults:5 | Identified the +1 scale mail of the Gloaming {Int+6}
 50056 | Vaults:5 | Identified the +5 trident "Qergh" {vorpal, rPois rC- rCorr}
 50103 | Vaults:5 | Paralysed by Trog for 5 turns
 50252 | Vaults:5 | Noticed an ancient lich
 50260 | Vaults:5 | Killed an ancient lich
 50261 | Vaults:5 | Reached skill level 15 in Invocations
 50378 | Vaults:5 | Found Moxompy's Book Shoppe.
 50440 | Vaults:5 | Bought an Inescapable Atlas for 340 gold pieces
 50446 | Vaults:5 | Learned a level 5 spell: Manifold Assault
 50576 | Vaults:5 | Got a silver rune of Zot
 50746 | Vaults:5 | Noticed Margery
 50758 | Vaults:5 | Killed Margery
 50831 | Vaults:5 | Learned a level 4 spell: Passage of Golubria
 51451 | Slime:1  | Entered Level 1 of the Pits of Slime
 51519 | Slime:1  | Found a viscous altar of Jiyva.
 51639 | Slime:2  | Reached skill level 10 in Spellcasting
 51934 | Lair:5   | Acquired 577 gold pieces
 51972 | Slime:4  | Gained mutation: You do not regenerate when monsters are
                  | visible. [a shining eye]
 51978 | Slime:4  | Gained mutation: Your movements are slightly less
                  | encumbered by armour. (ER -2) [a shining eye]
 51998 | Slime:4  | Reached XP level 27. HP: 203/273 MP: 37/37
 52084 | Slime:5  | Entered Level 5 of the Pits of Slime
 52130 | Slime:5  | Found a viscous altar of Jiyva.
 52131 | Slime:5  | Noticed the Royal Jelly
 52149 | Slime:5  | Killed the Royal Jelly
 52155 | Slime:5  | Gained mutation: You are clumsy. (Dex -2) [a shining eye]
 52179 | Slime:5  | Identified the +1 glaive of Bloodstone {antimagic, rPois}
 52228 | Slime:5  | Got a slimy rune of Zot
 52258 | Slime:5  | Identified the +1 kite shield of Starshine {rC- Int-5
                  | Dex+8}
 52267 | Slime:5  | Identified the +0 long sword of Resourcefulness {pain, rC+
                  | Will+}
 52293 | Slime:5  | Identified the ring "Tuf Nuse" {MP+9 Dex+9}
 52311 | Slime:5  | Identified the +5 dagger of Sutraibu {vorpal, rC+}
 52364 | Slime:5  | Gained mutation: Your flesh is heat resistant. (rF+) [a
                  | shining eye]
 52366 | Slime:5  | Gained mutation: Your spells are a little easier to cast,
                  | but a little less powerful. [a shining eye]
 52371 | Slime:5  | Gained mutation: Your spells are easier to cast, but less
                  | powerful. [a shining eye]
 52412 | Slime:3  | You fall into a shaft and drop 1 floor!
 52479 | Lair:5   | Lost mutation: Your movements are slightly less encumbered
                  | by armour. (ER -2) [potion of mutation]
 52479 | Lair:5   | Lost mutation: You do not regenerate when monsters are
                  | visible. [potion of mutation]
 52479 | Lair:5   | Gained mutation: You are robust. (+10% HP) [potion of
                  | mutation]
 52479 | Lair:5   | Gained mutation: You have an increased reservoir of magic.
                  | (+10% MP) [potion of mutation]
 52479 | Lair:5   | Gained mutation: You passively dampen the noise of your
                  | surroundings. [potion of mutation]
 52535 | Lair:3   | Was forgiven by Trog
 52943 | Zot:1    | Entered Level 1 of the Realm of Zot
 53510 | Slime:5  | Identified the +6 scale mail of the Soldier {+Inv rPois
                  | Dex-4 SInv}
 53803 | D:10     | Reached skill level 10 in Translocations
 55085 | Zot:1    | Noticed an orb of fire
 57655 | Zot:4    | Found a transporter.
 58103 | Zot:4    | Found a transporter.
 58260 | Zot:4    | Identified the amulet "Vofuubra" {Acrobat Str+3 Int+4
                  | Dex-2}
 58272 | Zot:4    | Identified the ring "Qaupushro" {rF+ rC+}
 58322 | Zot:5    | Entered Level 5 of the Realm of Zot
 59219 | Hell     | Entered the Vestibule of Hell
 59219 | Hell     | Noticed Geryon
 59245 | Hell     | Noticed Murray
 59278 | Hell     | Killed Murray
 59293 | Hell     | Killed Geryon
 59304 | Hell     | Found a gateway to the Iron City of Dis.
 59335 | Hell     | Found a gateway to the ashen valley of Gehenna.
 59421 | Hell     | Found a gateway to the decaying netherworld of Tartarus.
 59544 | Hell     | Found a gateway to the freezing wastes of Cocytus.
 60863 | Zot:5    | Noticed an orb of fire
 60871 | Zot:5    | Killed an orb of fire
 60893 | Zot:5    | Noticed a dread lich
 60903 | Zot:5    | Killed a dread lich
 61061 | Zot:5    | Noticed an orb of fire
 61061 | Zot:5    | Noticed an ancient lich
 61061 | Zot:5    | Noticed an orb of fire
 61080 | Zot:5    | Gained mutation: You tend to lose your temper in combat.
                  | [an orb of fire]
 61081 | Zot:5    | Killed an orb of fire
 61087 | Zot:5    | Noticed an orb of fire
 61089 | Zot:5    | Killed an ancient lich
 61091 | Zot:5    | Gained mutation: You do not regenerate when monsters are
                  | visible. [an orb of fire]
 61095 | Zot:5    | Gained mutation: You are dopey. (Int -2) [an orb of fire]
 61099 | Zot:5    | Killed an orb of fire
 61119 | Zot:5    | Killed an orb of fire
 61158 | Zot:5    | Reached skill level 15 in Spellcasting
 61172 | Zot:5    | Noticed an orb of fire
 61173 | Zot:5    | Noticed an orb of fire
 61176 | Zot:5    | Reached skill level 15 in Translocations
 61177 | Zot:5    | Noticed a dread lich
 61178 | Zot:5    | Noticed a dread lich
 61178 | Zot:5    | Gained mutation: Your spells are much easier to cast, but
                  | much less powerful. [an orb of fire]
 61178 | Zot:5    | Noticed an orb of fire
 61179 | Zot:5    | Lost mutation: You are robust. (+10% HP) [an orb of fire]
 61182 | Zot:5    | Killed an orb of fire
 61185 | Zot:5    | Killed an orb of fire
 61190 | Zot:5    | Killed a dread lich
 61191 | Zot:5    | Paralysed by a dread lich for 3 turns
 61196 | Zot:5    | Killed an orb of fire
 61196 | Zot:5    | Killed a dread lich
 61355 | Zot:5    | Noticed an ancient lich
 61365 | Zot:5    | Killed an ancient lich
 61501 | Zot:5    | Lost mutation: Your flesh is heat resistant. (rF+) [potion
                  | of mutation]
 61501 | Zot:5    | Lost mutation: You passively dampen the noise of your
                  | surroundings. [potion of mutation]
 61501 | Zot:5    | Lost mutation: You tend to lose your temper in combat.
                  | [potion of mutation]
 61501 | Zot:5    | Lost mutation: You are clumsy. (Dex -2) [potion of
                  | mutation]
 61501 | Zot:5    | Gained mutation: You are very dopey. (Int -4) [potion of
                  | mutation]
 61501 | Zot:5    | Gained mutation: You have sharp toenails. [potion of
                  | mutation]
 61502 | Zot:5    | Lost mutation: Your spells are much easier to cast, but
                  | much less powerful. [potion of mutation]
 61502 | Zot:5    | Lost mutation: You are very dopey. (Int -4) [potion of
                  | mutation]
 61502 | Zot:5    | Gained mutation: You are agile. (Dex +4, Int/Str-1) [potion
                  | of mutation]
 61503 | Zot:5    | Lost mutation: You do not regenerate when monsters are
                  | visible. [potion of mutation]
 61503 | Zot:5    | Lost mutation: You are dopey. (Int -2) [potion of mutation]
 61503 | Zot:5    | Lost mutation: You are agile. (Dex +4, Int/Str-1) [potion
                  | of mutation]
 61503 | Zot:5    | Gained mutation: You are somewhat resistant to further
                  | mutation. [potion of mutation]
 61777 | Depths:3 | Voluntarily entered the Abyss.
 61787 | Abyss:2  | Found a corrupted altar of Lugonu.
 61940 | Abyss:3  | Found a hide-covered altar of Uskayaw.
 61940 | Abyss:3  | Found a hide-covered altar of Uskayaw.
 62214 | Abyss:3  | Paralysed by accursed screaming for 1 turns
 62501 | Abyss:5  | Gained mutation: You tend to lose your temper in combat. [a
                  | neqoxec]
 62552 | Abyss:5  | Found a corrupted altar of Lugonu.
 63095 | Abyss:6  | Gained mutation: You sometimes lose the ability to read
                  | scrolls when taking damage. [a neqoxec]
 63126 | Abyss:6  | Gained mutation: You are clumsy. (Dex -2) [a cacodemon]
 63186 | Abyss:6  | Found a corrupted altar of Lugonu.
 63203 | Abyss:6  | Got an abyssal rune of Zot
 63211 | Depths:3 | Escaped the Abyss
 63215 | Depths:3 | Lost mutation: You are somewhat resistant to further
                  | mutation. [potion of mutation]
 63215 | Depths:3 | Lost mutation: You have an increased reservoir of magic.
                  | (+10% MP) [potion of mutation]
 63215 | Depths:3 | Lost mutation: You sometimes lose the ability to read
                  | scrolls when taking damage. [potion of mutation]
 63215 | Depths:3 | Gained mutation: You are partially covered in iridescent
                  | scales. (AC +2) [potion of mutation]
 63215 | Depths:3 | Lost mutation: You tend to lose your temper in combat.
                  | [potion of mutation]
 63215 | Depths:3 | Gained mutation: You expend magic power (3 MP) to
                  | strengthen your wands. [potion of mutation]
 63262 | Tar:1    | Entered Level 1 of Tartarus
 63506 | Tar:2    | Noticed an ancient lich
 63517 | Tar:2    | Killed an ancient lich
 63923 | Tar:4    | You fall into a shaft and drop 2 floors!
 63954 | Tar:6    | Noticed a dread lich
 63960 | Tar:6    | Killed a dread lich
 64120 | Tar:7    | Entered Level 7 of Tartarus
 64664 | Tar:7    | Found the +12 pair of quick blades "Gyre" and "Gimble"
                  | {protect}
 65139 | Tar:7    | Noticed Ereshkigal
 65146 | Tar:7    | Paralysed by Ereshkigal for 2 turns
 65152 | Tar:7    | Killed Ereshkigal
 65214 | Tar:7    | Got a bone rune of Zot
 65279 | Tar:7    | Noticed an ancient lich
 65279 | Tar:7    | Noticed an ancient lich
 65281 | Tar:7    | Noticed a dread lich
 65282 | Tar:7    | Killed an ancient lich
 65287 | Tar:7    | Killed an ancient lich
 65292 | Tar:7    | Killed a dread lich
 65413 | Tar:7    | Learned a level 2 spell: Passwall
 65417 | Tar:7    | Identified the +2 cloak of a Labyrinth {rElec rF+}
 65476 | Tar:7    | Learned a level 6 spell: Dispersal
 65565 | Zig:1    | Entered Level 1 of a ziggurat
 65565 | Zig:1    | Noticed Kufeare the pandemonium lord
 65570 | Zig:1    | Killed Kufeare the pandemonium lord
 65591 | Zig:2    | Entered Level 2 of a ziggurat
 65610 | Zig:3    | Entered Level 3 of a ziggurat
 65610 | Zig:3    | Found the dreamshard necklace {*Dream Drain}
 65645 | Zig:4    | Entered Level 4 of a ziggurat
 65665 | Zig:5    | Entered Level 5 of a ziggurat
 65723 | Zig:6    | Entered Level 6 of a ziggurat
 65761 | Zig:6    | Identified the +8 arbalest "Hellblazer" {venom, rElec
                  | rPois}
 65875 | Zig:7    | Entered Level 7 of a ziggurat
 65879 | Zig:7    | Noticed Byttiohu the pandemonium lord
 65896 | Zig:7    | Killed Byttiohu the pandemonium lord
 66025 | Zig:8    | Entered Level 8 of a ziggurat
 66120 | Zig:9    | Entered Level 9 of a ziggurat
 66153 | Zig:9    | Identified the +11 rapier of Freehold {vorpal, rElec rPois
                  | Str+3 Dex+2}
 66155 | Zig:9    | Got the Reference Book on Ashen Summoning
 66272 | Zig:10   | Entered Level 10 of a ziggurat
 66286 | Zig:10   | Found the +7 Singing Sword {vorpal, sonic wave}
 66286 | Zig:10   | Paralysed by accursed screaming for 2 turns
 66312 | Zig:10   | Identified the ring of Fun {Fly rPois}
 66328 | Zig:10   | Identified the +3 hand axe "Quuhis" {vorpal, rElec}
 66445 | Zig:11   | Entered Level 11 of a ziggurat
 66459 | Zig:11   | Noticed an ancient lich
 66471 | Zig:11   | Killed an ancient lich
 66475 | Zig:11   | Paralysed by a vampire knight for 4 turns
 66486 | Zig:11   | Found the +8 autumn katana {vorpal, manifold assault}
 66517 | Zig:11   | Identified the +10 battleaxe "Kigoacef" {freeze, Dex+3}
 66531 | Zig:11   | Identified the +0 plate armour of Lugonu's Reproof {rF+
                  | Stlth+}
 66560 | Zig:12   | Entered Level 12 of a ziggurat
 66635 | Zig:12   | Identified the +6 hand axe of the Wheel {flame, SInv}
 66758 | Zig:13   | Entered Level 13 of a ziggurat
 66973 | Zig:13   | Identified the ring of Dawn {rF+ Str+6 Int+3 Dex-2}
 66979 | Zig:13   | Got the Tome of Necromancy
 66983 | Zig:13   | Identified the +10 falchion of Axoome {freeze, Fragile rF+
                  | rCorr MP+9 Stlth+}
 66992 | Zig:13   | Identified the +0 leather armour of Oclutrei {rC+ rN+
                  | Slay+2}
 67001 | Zig:13   | Identified the +4 double sword of the Spider Nest {pain,
                  | rElec rN+ Str+3}
 67022 | Zig:14   | Entered Level 14 of a ziggurat
 67105 | Zig:14   | Identified the +5 long sword of Poinanum {freeze, rN+ MP+9
                  | Stlth+}
 67115 | Zig:14   | Identified the +3 flail "Qixerph" {freeze, rC+}
 67218 | Zig:15   | Entered Level 15 of a ziggurat
 67314 | Zig:15   | Identified the amulet of Joy {Rampage rPois Regen+ Dex+2}
 67319 | Zig:15   | Identified the +5 rapier "Imp's Demise" {speed, Str+2}
 67519 | Zig:16   | Entered Level 16 of a ziggurat
 67567 | Zig:16   | Noticed Doanu the pandemonium lord
 67586 | Zig:16   | Killed Doanu the pandemonium lord
 67614 | Zig:16   | Found the +15 Maxwell's patent armour {-Cast -Tele rElec
                  | Will+ rCorr}
 67638 | Zig:16   | Reached skill level 5 in Throwing
 67750 | Zig:17   | Entered Level 17 of a ziggurat
 67761 | Zig:17   | Noticed an ancient lich
 67764 | Zig:17   | Killed an ancient lich
 67766 | Zig:17   | Noticed a dread lich
 67770 | Zig:17   | Killed a dread lich
 67775 | Zig:17   | Noticed an ancient lich
 67786 | Zig:17   | Killed an ancient lich
 67814 | Zig:17   | Found the +9 sword of Zonguldrok {reap}
 67817 | Zig:17   | Identified the +2 mace of Nalo {chaos, rCorr}
 67847 | Zig:17   | Identified the +3 chain mail "Wiunaewn" {rN+ Will++ rCorr
                  | MP+9}
 67876 | Zig:17   | Lost mutation: You expend magic power (3 MP) to strengthen
                  | your wands. [potion of mutation]
 67876 | Zig:17   | Lost mutation: You are clumsy. (Dex -2) [potion of
                  | mutation]
 67876 | Zig:17   | Lost mutation: You have sharp toenails. [potion of
                  | mutation]
 67876 | Zig:17   | Gained mutation: Armour fits poorly on your strangely
                  | shaped body. [potion of mutation]
 67876 | Zig:17   | Gained mutation: Your system is resistant to poisons.
                  | (rPois) [potion of mutation]
 67877 | Zig:17   | Lost mutation: Your spells are easier to cast, but less
                  | powerful. [potion of mutation]
 67877 | Zig:17   | Lost mutation: Armour fits poorly on your strangely shaped
                  | body. [potion of mutation]
 67877 | Zig:17   | Lost mutation: Your system is resistant to poisons. (rPois)
                  | [potion of mutation]
 67877 | Zig:17   | Gained mutation: Armour fits poorly on your strangely
                  | shaped body. [potion of mutation]
 67877 | Zig:17   | Gained mutation: You tend to lose your temper in combat.
                  | [potion of mutation]
 67877 | Zig:17   | Gained mutation: You are mostly covered in iridescent
                  | scales. (AC +4) [potion of mutation]
 67878 | Zig:17   | Lost mutation: Your spells are a little easier to cast, but
                  | a little less powerful. [potion of mutation]
 67878 | Zig:17   | Lost mutation: Armour fits poorly on your strangely shaped
                  | body. [potion of mutation]
 67878 | Zig:17   | Gained mutation: You are occasionally teleported next to
                  | monsters. [potion of mutation]
 67878 | Zig:17   | Gained mutation: You are completely covered in iridescent
                  | scales. (AC +6) [potion of mutation]
 67878 | Zig:17   | Gained mutation: You are agile. (Dex +4, Int/Str-1) [potion
                  | of mutation]
 67879 | Zig:17   | Lost mutation: You are agile. (Dex +4, Int/Str-1) [potion
                  | of mutation]
 67879 | Zig:17   | Lost mutation: You are completely covered in iridescent
                  | scales. (AC +6) [potion of mutation]
 67879 | Zig:17   | Gained mutation: Your muscles are strong. (Str +4,
                  | Int/Dex-1) [potion of mutation]
 67879 | Zig:17   | Gained mutation: You have hidden genetic potential. [potion
                  | of mutation]
 67879 | Zig:17   | Gained mutation: You have a pair of small horns on your
                  | head. [potion of mutation]
 67879 | Zig:17   | Gained mutation: You are covered in fur. (AC +1) [potion of
                  | mutation]
 67880 | Zig:17   | Lost mutation: You have a pair of small horns on your head.
                  | [potion of mutation]
 67880 | Zig:17   | Lost mutation: You are occasionally teleported next to
                  | monsters. [potion of mutation]
 67880 | Zig:17   | Lost mutation: You tend to lose your temper in combat.
                  | [potion of mutation]
 67880 | Zig:17   | Gained mutation: You are dopey. (Int -2) [potion of
                  | mutation]
 67880 | Zig:17   | Lost mutation: Your muscles are strong. (Str +4, Int/Dex-1)
                  | [potion of mutation]
 67880 | Zig:17   | Gained mutation: You are resistant to electric shocks.
                  | (rElec) [potion of mutation]
 67963 | Zig:18   | Entered Level 18 of a ziggurat
 68196 | Zig:18   | Identified the ring "Asee" {Ice Int+3 SInv}
 68286 | Zig:19   | Entered Level 19 of a ziggurat
 68348 | Zig:19   | Noticed Uxem the pandemonium lord
 68360 | Zig:19   | Gained mutation: You sometimes lose the ability to read
                  | scrolls when taking damage. [a cacodemon]
 68374 | Zig:19   | HP: 12/273 [Uxem the pandemonium lord/orb of electricity
                  | (16)]
 68374 | Zig:19   | HP: 5/273 [Uxem the pandemonium lord (7)]
 68379 | Zig:19   | The Shining One protects you from harm!
 68379 | Zig:19   | HP: 9/409 [blizzard demon/bolt of cold (4)]
 68381 | Zig:19   | HP: 1/409 [Hell Sentinel (5)]
 68382 | Zig:19   | The Shining One protects you from harm!
 68383 | Zig:19   | Killed from afar by Uxem the pandemonium lord

Illustrated notes

Levels and vault maps discovered:
D:1:      wander_arrival_estate, layout_rooms, minmay_3d_cube
D:2:      layout_loops_ring, serial_glass, glass_columns_c, glass_columns_b
D:3:      layout_rooms, mainiacjoe_overflow_cross_hatched,
          dreamdust_ecumenical_altar_drowned_temple, minmay_liquid_box,
          chequers_serial_rivers_small_b, minmay_ruptured
D:4:      layout_basic, uniq_menkaure
D:5:      layout_basic, minmay_temple_entry_sparse_star
D:6:      layout_basic
D:7:      layout_basic
D:8:      layout_basic, chei_slow_surprise, dpeg_oklobed_lair, enter_bailey_6,
          minmay_misc_feat_nine_boxes, minmay_shop_enchanted_jewellery,
          solitary_fountain, minmay_misc_feat_enclosed, hangedman_incinerator,
          uniq_psyche
D:9:      layout_layer_cave, nicolae_uskayaw_en_pointe, minitemple
D:10:     gammafunk_corrupted_shrine, layout_irregular_city,
          fedhas_altar_fruit_tree
D:11:     layout_irregular_city, uniq_urug
D:12:     layout_loops_ring, orc_0_dummy, uniq_jorgrun
D:13:     layout_loops_corners, david_vaults_1, ebering_ghost_disaster_area,
          eino_jars
D:14:     layout_basic, minivault_19, nemelex_spade_bored_becter
D:15:     hangedman_depths_entry_try_elsewhere_first, layout_loops_corners,
          roderic_lattice_octagonal_star, okawaru_altar_gauntlet_db
Temple:   nicolae_temple_figure_eight
Lair:1:   layout_loops_ring, portal_ice_cave_demonic_guard, st_stairs_13
Lair:2:   layout_regular_city, basic_altar, gammafunk_ghost_cemetery,
          serial_bayou_shore_a
Lair:3:   layout_misc_corridors, minmay_snake_entry_guardpost_small,
          grunt_forest_stairs_clearing
Lair:4:   layout_roguey, swamp_mist, serial_bayou_shore_b, uniq_kirke
Lair:5:   layout_regular_city, dpeg_slime_entry_enclosed_altar,
          infiniplex_staircase_pool_2
Lair:6:   hellmonk_lair_end_abyssal_woods, layout_layer_cave
Swamp:1:  cheibrodos_swamp_tower_of_moss, layout_basic_swamp, serial_swamp_ruin,
          evilmike_swamp_ruin_rubble_1, evilmike_swamp_ruin_house_1,
          swamp_pool1, infiniplex_staircase_pool
Swamp:2:  layout_basic_swamp, hangedman_swamp_blocks
Swamp:3:  layout_basic_swamp, nicolae_swamp_rocky_clearing, swamp_pool5
Swamp:4:  swamp, layout_basic_swamp
Snake:1:  layout_onion, nicolae_snake_herptile_family_reunion
Snake:2:  layout_onion, hellmonk_ghost_happy_afterlife,
          nicolae_snake_single_loop, nicolae_snake_gridmaze_big_u,
          nrook_guardian_serpent_ordinary, lemuel_fruit_tree
Snake:3:  layout_gridlike
Snake:4:  hellmonk_snake_rune_quicksilver_temple, layout_onion
Slime:1:  layout_caves, basic_altar, nicolae_slime_barrier
Slime:2:  layout_caves
Slime:3:  layout_caves
Slime:4:  layout_caves, uniq_dissolution
Slime:5
Orc:1:    layout_caves, nicolae_volcano_entry_lava_flow
Orc:2:    grunt_orc_cross, layout_diamond_mine, serial_shops, bzr_entry_dummy,
          nicolae_shop_hallway_stairs, gammafunk_ghost_grave
Elf:1:    eino_elf_arrival_sip, layout_loops_cross, basic_altar,
          minmay_elf_sorcery, uniq_asterion
Elf:2:    elven_hall_of_blades_hangedman_alternative
          [nicolae_blade_entry_sentries_behind_glass], layout_geoelf_octagon,
          serial_shops, shop_statue, nicolae_take_the_stairs,
          nicolae_shop_advertising_works [nicolae_subvault_shop_adworks], shop,
          nicolae_diamond_shop, basic_altar, hangedman_research_electronics
Elf:3:    grunt_elf_hall_spiral, layout_geoelf_octagon, basic_altar,
          serial_shops, freezing_bzr, nicolae_wooded_promenade,
          amcnicky_altar_lugonu_corruption
Vaults:1: ontoclasm_vaults_shuriken, ontoclasm_vaults_fault,
          nicolae_vaults_ninety_degrees, ontoclasm_vaults_chip,
          hangedman_vaults_stagger, ontoclasm_vaults_bender,
          hangedman_vaults_nails, v_misc_17, nicolae_vaults_sealed_display,
          vaults_mumra_hexcomb, vaults_room_hangedman_quadrants,
          layout_vaults_omnigrid, serial_shops,
          nicolae_shop_bloodbath_and_beyond
Vaults:2: hangedman_vaults_snaps, nicolae_vaults_twisting_passages,
          minmay_crypt_entry_nasty_monster, v_alt_pattern_2, v_misc_4,
          v_misc_33, v_pattern_2, v_alt_pattern_3, gammafunk_sealed_arena,
          v_misc_17, grunt_vaults_hallway_long, vaults_room_pools,
          nicolae_vaults_specimen_jars, vaults_room_ringed_pool,
          layout_vaults_omnibox, serial_shops, nicolae_shop_hallway_plus
Vaults:3: hangedman_vaults_hat, v_misc_32, nicolae_vaults_network_s,
          nicolae_vaults_theta, st_octagons_1, vaults_room_corners, v_misc_22,
          nicolae_vaults_three_branches, nicolae_vaults_disjoint_gnomons,
          layout_vaults_maze_bifur, uniq_aizul
Vaults:4: hangedman_vaults_restitches, v_misc_12, v_pattern_3, v_misc_28,
          vaults_room_hallway, v_misc_19, nicolae_vaults_alarming,
          hangedman_vaults_locks, grunt_vaults_hallway_short,
          layout_vaults_chaotic_city, serial_shops, nicolae_square_shop,
          uniq_boris
Vaults:5: uniq_margery, uniq_mara
Crypt:1:  cheibrodos_crypt_cold_storage, layout_chaotic_city, basic_altar,
          nicolae_crypt_cryptocurrency, uniq_sojobo, uniq_saint_roka
Crypt:2:  layout_regular_city, hangedman_summoners_spam, grunt_megastairs_1,
          uniq_jory
Crypt:3:  evilmike_haunted_forest, uniq_vv
Depths:1: cheibrodos_quadrivalence, layout_long_grid, hell_entry,
          grunt_pan_entry_zigzag, minmay_acid_items
Depths:2: abrahamwl_protected_by_tso_1, layout_cave_pools, enter_ziggurat_c,
          lightli_too_deep, pan_entry, abyss_entry, onia_ninara_cookie
Depths:3: hangedman_stitches_corridor, layout_basic, hell_entry,
          minmay_misc_feat_five, abyss_entry_flame_altar,
          minmay_staircase_statues_hall_small, firewood_loft, uniq_enchantress,
          uniq_parghit, uniq_mennas
Depths:4: grunt_zot_entry_hairpin, layout_gridville, hellmouth_3,
          bh_walls_and_bars, grunt_tower_of_power, serial_bayou_shore_b
Hell
Tar:1:    layout_honeycomb
Tar:2:    layout_cathedral_of_symmetry
Tar:3:    layout_grid_maze
Tar:4:    layout_cathedral_of_symmetry
Tar:6:    layout_grid_maze
Tar:7:    tar_old
Zot:1:    evilmike_crystal_ball_defense, layout_basic
Zot:2:    layout_basic, grunt_megastairs_5
Zot:3:    layout_concentric_octagons, lemuel_elevator, grunt_megastairs_4
Zot:4:    gammafunk_its_a_trap, layout_misc_corridors
Zot:5:    layout_concentric_octagons
Zig:19:   ziggurat_pillar_centre_oklobs, ziggurat_pillar_centre_oklobs,
          ziggurat_pillar_centre_oklobs, ziggurat_pillar_centre_oklobs

Skill      XL: |  1  2  3  4  5  6  7  8  9 10 11 12 13 14 15 16 17 18 19 20 21 22 23 24 25 26 27 |
---------------+----------------------------------------------------------------------------------+-----
Fighting       | 4 5 6 8 10 12 14 16 18 20 22 23 26 27 | 27.0
Axes           | 5 7 8 10 12 14 17 19 20 22 23 24 25 27 | 27.0
Armour         | 3 4 5 6 7 8 10 12 13 14 15 16 17 18 21 24 26 27 | 27.0
Dodging        | 2 3 4 5 6 7 8 9 10 11 | 11.2
Throwing       | 1 2 3 4 5 |  5.6
Evocations     | 1 |  1.3
Transmutations | 3 6 7 8 |  8.8
Spellcasting   | 3 5 8 10 21 | 21.7
Invocations    | 2 7 12 15 16 | 16.1
Translocations | 2 6 9 21 | 21.8

Action                   |  1- 3 |  4- 6 |  7- 9 | 10-12 | 13-15 | 16-18 | 19-21 | 22-24 | 25-27 || total
-------------------------+-------+-------+-------+-------+-------+-------+-------+-------+-------++-------
Melee: Hand axe          |   104 |   164 |   200 |       |       |       |       |       |       ||   468
       Punch             |     1 |     4 |     5 |     6 |    12 |     3 |     1 |       |       ||    32
       War axe           |       |       |   110 |       |   679 |       |       |       |       ||   789
       Broad axe         |       |       |     6 |   646 |    88 |       |       |       |       ||   740
       Eveningstar       |       |       |       |     5 |     4 |   153 |    10 |       |       ||   172
       Battleaxe         |       |       |       |       |   187 |   614 |   105 |       |       ||   906
       Executioner's axe |       |       |       |       |       |       |   670 |   875 |  2755 ||  4300
Throw: Boomerang         |       |       |     9 |       |     1 |       |     4 |       |       ||    14
       Dart              |       |       |     7 |     1 |    16 |       |       |       |     1 ||    25
       Javelin           |       |       |       |       |     9 |       |       |       |       ||     9
 Cast: Manifold Assault  |       |       |       |       |       |       |       |       |   358 ||   358
       Passwall          |       |       |       |       |       |       |       |       |     7 ||     7
       Wereblood         |       |       |       |       |       |       |       |       |     2 ||     2
Invok: Berserk           |       |     3 |     9 |    13 |    15 |     3 |     4 |       |       ||    47
       Trog's Hand       |       |     1 |     2 |       |     2 |     2 |     8 |     4 |       ||    19
       Brothers in Arms  |       |       |       |       |    11 |     1 |     2 |       |       ||    14
       Divine Shield     |       |       |       |       |       |       |       |     3 |    10 ||    13
       Summon Divine War |       |       |       |       |       |       |       |     3 |    23 ||    26
Evoke: Phantom mirror    |       |       |       |     1 |     1 |     1 |     1 |       |       ||     4
       Box of beasts     |       |       |       |     1 |       |     1 |       |       |       ||     2
       Wand              |       |       |       |       |       |     1 |       |     3 |     5 ||     9
  Use: Scroll            |       |     5 |     8 |     5 |    11 |     9 |     1 |     1 |    16 ||    56
       Potion            |       |       |     2 |       |     2 |     4 |       |     1 |    40 ||    49
 Stab: Invisible         |       |       |     5 |       |       |     4 |       |       |       ||     9
       Confused          |       |       |       |       |       |     3 |       |       |       ||     3
       Distracted        |       |       |       |       |       |       |    12 |     2 |       ||    14
Armor: Animal skin       |    10 |       |       |       |       |       |       |       |       ||    10
       Ring mail         |    24 |     8 |       |       |       |       |       |       |       ||    32
       Chain mail        |       |    34 |    98 |   107 |   381 |   500 |    68 |       |       ||  1188
       Scale mail        |       |    11 |       |       |       |       |       |       |       ||    11
       Plate armour      |       |       |       |   191 |       |       |   400 |   521 |   133 ||  1245
       Swamp dragon scal |       |       |       |       |       |    51 |       |       |       ||    51
       Gold dragon scale |       |       |       |       |       |       |       |       |  1814 ||  1814
Dodge: Dodged            |    62 |    65 |   177 |   269 |   455 |   513 |   382 |   442 |  1181 ||  3546
Block: Other             |    23 |    14 |       |       |       |       |       |    37 |   191 ||   265
       Reflection        |     1 |       |       |       |       |       |       |       |       ||     1

Table legend: (Time is in decaauts)
 A = Elapsed time spent in this place.
 B = Non-inter-level travel time spent in this place.
 C = Inter-level travel time spent in this place.
 D = Time resting spent in this place.
 E = Time spent auto-exploring this place.
 F = Levels seen in this place.
 G = Mean time per level.
                   A        B        C        D        E       F      G
               +--------+--------+--------+--------+--------+-----+--------+
         Total |  67723 |  56429 |  11294 |   2437 |  39206 |  94 |  720.5 |
       Dungeon |  14804 |  11784 |   3020 |    647 |   9017 |  15 |  986.9 |
        Temple |    276 |    209 |     67 |      0 |    201 |   1 |  276.0 |
          Lair |   7908 |   6270 |   1638 |    293 |   4943 |   6 | 1318.0 |
         Swamp |   3079 |   2788 |    291 |    134 |   1882 |   4 |  769.8 |
     Snake Pit |   4074 |   3816 |    258 |     37 |   3074 |   4 | 1018.5 |
    Slime Pits |   1088 |    800 |    288 |     63 |    313 |   5 |  217.6 |
  Orcish Mines |   2464 |   1464 |   1000 |    100 |    983 |   2 | 1232.0 |
   Elven Halls |   3276 |   2762 |    514 |     19 |   1839 |   3 | 1092.0 |
        Vaults |   7165 |   6265 |    900 |     53 |   4832 |   5 | 1433.0 |
         Crypt |   3081 |   2722 |    359 |      0 |   1939 |   3 | 1027.0 |
        Depths |   4867 |   3443 |   1424 |      0 |   2459 |   4 | 1216.8 |
          Hell |    762 |    659 |    103 |    125 |    317 |   1 |  762.0 |
      Tartarus |   2268 |   1983 |    285 |    106 |   1230 |   6 |  378.0 |
           Zot |   6378 |   5236 |   1142 |    573 |   3720 |   5 | 1275.6 |
         Abyss |   1593 |   1593 |      0 |     29 |    614 |   6 |  265.5 |
      Ziggurat |   2693 |   2693 |      0 |     76 |   1087 |  19 |  141.7 |
        Bazaar |    504 |    504 |      0 |      0 |    176 |   2 |  252.0 |
        Bailey |    339 |    339 |      0 |     36 |     80 |   1 |  339.0 |
      Ice Cave |    844 |    844 |      0 |    143 |    418 |   1 |  844.0 |
       Volcano |    252 |    252 |      0 |      0 |     78 |   1 |  252.0 |
               +--------+--------+--------+--------+--------+-----+--------+

Top non-repeatable levels by time:
   Zot:5: 1996 daAuts
  Lair:6: 1991 daAuts
   Orc:2: 1844 daAuts
  Lair:2: 1630 daAuts
Vaults:2: 1621 daAuts
Depths:3: 1576 daAuts
Vaults:1: 1550 daAuts
     D:9: 1501 daAuts
 Crypt:3: 1393 daAuts
   Tar:7: 1381 daAuts
Vaults:5: 1374 daAuts
  Lair:1: 1366 daAuts
    D:12: 1350 daAuts
Depths:4: 1346 daAuts
    D:13: 1337 daAuts
